[Event "Early-Titled-Tuesday-Blitz-July-09-2024"]
[Site "Chess.com"]
[Date "2024.07.09"]
[Round "8"]
[White "Shield12"]
[Black "RandomNoob04"]
[Result "1-0"]
[WhiteElo "2977"]
[BlackElo "2768"]
[TimeControl "180+1"]
[EndTime "9:29:49 PDT"]
[Termination "Shield12 won by resignation"]

1. b3 Nf6 2. Bb2 g6 3. g3 Bg7 4. Bg2 O-O 5. Nf3 d5 6. c4 c5 7. cxd5 Nxd5 8. Bxg7 Kxg7 9. O-O Nc6 10. d4 cxd4 11. Nxd4 Nxd4 12. Qxd4+ Nf6 13. Qe5 Qb6 14. Nc3 Bd7 15. Qxe7 Rfe8 16. Qa3 Rac8 17. Rac1 Bc6 18. Bxc6 Rxc6 19. Na4 Qa6 20. Rxc6 Qxc6 21. Qb2 Kg8 22. Rc1 Qd6 23. Nc5 b6 24. Nd3 h5 25. Qd2 Ng4 26. h3 Ne3 27. Qb4 Qb8 28. Qf4 Nf5 29. Qxb8 Rxb8 30.
Rc7 Re8 31. e3 a5 32. Kf1 Re6 33. g4 hxg4 34. hxg4 Ne7 35. Nf4 Re5 36. Ke2 Kf8 37. Rb7 b5 38. Nd3 Rd5 39. a3 Nc6 40. Rb6 Ne5 41. Nxe5 Rxe5 42. Ra6 b4 43. axb4 axb4 44. Rb6 Ke7 45. Rxb4 Kd6 46. Rd4+ Kc5 47. Kd3 f5 48. gxf5 Rxf5 49. f4 g5 50. Ke4 Rf8 51. fxg5 Rf1 52. Rd5+ Kc6 53. Rf5 Rb1 54. Ke5 Rxb3 55. Kf6 Rxe3 56.
g6 Rg3 57. g7 Kd6 58. Rg5 Rf3+ 59. Kg6 1-0

[Event "Early-Titled-Tuesday-Blitz-July-09-2024"]
[Site "Chess.com"]
[Date "2024.07.09"]
[Round "8"]
[White "RCone"]
[Black "luggevoila"]
[Result "0-1"]
[WhiteElo "2417"]
[BlackElo "2329"]
[TimeControl "180+1"]
[EndTime "9:29:49 PDT"]
[Termination "luggevoila won on time"]

1. e4 e5 2. Bc4 Nf6 3. Nc3 Bc5 4. d3 O-O 5. Nge2 c6 6. Bg5 Bxf2+ 7. Kxf2 Ng4+ 8.
Kg1 Qxg5 9. Qc1 Qf6 10. Qf1 Qxf1+ 11. Rxf1 Ne3 12. Rc1 Nxc4 13. dxc4 d6 14. Rd1 Be6 15. b3 Nd7 16. Rxd6 Nf6 17. Kf2 Rfd8 18. Rhd1 Rxd6 19. Rxd6 Kf8 20. h3 Ke7 21. Rd2 a5 22. a4 Nd7 23. Ke3 f6 24. g4 Rh8 25. Ng3 g6 26.
Rf2 Nc5 27. Nd1 Bd7 28. Nb2 Ne6 29. Nd3 Nd4 30. Nc5 Bc8 31. c3 Ne6 32. Nxe6 Bxe6 33.
Rd2 Rb8 34. Rb2 b5 35. axb5 cxb5 36. c5 b4 37. c4 Kd7 38. Rd2+ Kc7 39. Rd6 Bxc4 40.
bxc4 b3 41. Ne2 b2 42. Nc3 Rb3 0-1

[Event "Early-Titled-Tuesday-Blitz-July-09-2024"]
[Site "Chess.com"]
[Date "2024.07.09"]
[Round "8"]
[White "gau248"]
[Black "ural58"]
[Result "1/2-1/2"]
[WhiteElo "2612"]
[BlackElo "2436"]
[TimeControl "180+1"]
[EndTime "9:29:51 PDT"]
[Termination "Game drawn by repetition"]

1. e4 d5 2. exd5 Qxd5 3. d4 Nc6 4. Nf3 Bg4 5. Nc3 Qf5 6. Be2 O-O-O 7. Be3 e6 8. O-O Bb4 9. h3 Bxf3 10. Bxf3 Nge7 11. a3 Bxc3 12. bxc3 Nd5 13. c4 Nxe3 14. fxe3 Qg5 15.
Qe1 Ne7 16. Rb1 c6 17. a4 Rd7 18. a5 a6 19. Rb6 Rhd8 20. Rf2 Rc7 21. c3 Nf5 22. Re2 Nh4 23. Bg4 f5 24. g3 fxg4 25.
gxh4 Qxa5 26. Reb2 gxh3 27. Qg3 Qxc3 28. c5 Rxd4 29. Qxc7+ Kxc7 30. Rxb7+ Kd8 31. exd4 Qxd4+ 32. Kh2 Qxc5 33. Rd2+ Ke8 34. Rdd7 Qf2+ 35. Kxh3 Qf3+ 36. Kh2 e5 37. Re7+ Kf8 38. Rec7 Qf4+ 39. Kh3 Qf5+ 40.
Kh2 Qf2+ 41. Kh3 Qf5+ 42. Kh2 Qc2+ 43. Kh3 Qc3+ 44. Kh2 Qd2+ 45. Kh3 Qe3+ 46. Kh2 Qf4+ 47. Kh3 Qf5+ 1/2-1/2

[Event "Early-Titled-Tuesday-Blitz-July-09-2024"]
[Site "Chess.com"]
[Date "2024.07.09"]
[Round "8"]
[White "AsaHoffmann"]
[Black "AA95"]
[Result "0-1"]
[WhiteElo "2391"]
[BlackElo "2523"]
[TimeControl "180+1"]
[EndTime "9:29:51 PDT"]
[Termination "AA95 won on time"]

1. d4 c6 2. Bg5 d5 3. e3 g6 4. Bd3 Bg7 5. f4 h6 6. Bh4 g5 7. fxg5 e5 8. dxe5 Bxe5 9. Nf3 Bxb2 10. Nbd2 Bg4 11. Rb1 Bc3 12. g6 Nf6 13. gxf7+ Kf8 14. O-O Qe7 15. Qe1 b5 16. Rb3 b4 17. a3 a5 18. Rxc3 bxc3 19. Nb1 Nbd7 20. Qxc3 Qxe3+ 21. Bf2 Qe6 22. Nd4 Qd6 23. Bf5 Bxf5 24. Nxf5 Qe6 25.
Bh4 Kxf7 26. Nd2 Rae8 27. Bg3 Kg6 28. Nh4+ Kf7 29. Ndf3 Qe3+ 30. Qxe3 Rxe3 31. Bf2 Re2 32. Nf5 Rhe8 33. N5d4 Kg6 34. Nxe2 Rxe2 35. Rc1 Ne4 36.
Bd4 Ng5 37. Nxg5 hxg5 38. c4 c5 39. Bf2 d4 40. Kf1 Ra2 41. Rb1 Rxa3 42. Rb7 Ne5 0-1

[Event "Early-Titled-Tuesday-Blitz-July-09-2024"]
[Site "Chess.com"]
[Date "2024.07.09"]
[Round "8"]
[White "MaxLeto"]
[Black "Tol_Tol"]
[Result "1-0"]
[WhiteElo "2493"]
[BlackElo "2357"]
[TimeControl "180+1"]
[EndTime "9:29:51 PDT"]
[Termination "MaxLeto won on time"]

1. g4 d5 2. Bg2 c6 3. h3 e5 4. d4 exd4 5. Qxd4 h6 6. c4 dxc4 7. Qxd8+ Kxd8 8. Bf4 Ne7 9. Nd2 Nd5 10. Bg3 c3 11.
bxc3 Nxc3 12. Ngf3 Be6 13. Nd4 Bxa2 14. O-O Bc5 15.
N2f3 Bd5 16. e3 Nd7 17. Rfc1 Ne4 18. Bf4 g5 19. Bh2 Bd6 20. Nf5 Bxh2+ 21. Nxh2 Nef6 22. Bxd5 Nxd5 23. Nd6 Kc7 24. Nf5 h5 25. Nf3 hxg4 26. hxg4 a6 27. Nxg5 Rhg8 28. Nxf7 Rxg4+ 29. Kf1 Rf8 30.
N7d6 Rf6 31. e4 Rxd6 32. Nxd6 Kxd6 33. exd5 Kxd5 34. Rab1 b5 35. Rd1+ Ke6 36. Ra1 Nc5 37. Rdc1 Nb3 38. Re1+ Kd6 39. Rxa6 1-0

[Event "Early-Titled-Tuesday-Blitz-July-09-2024"]
[Site "Chess.com"]
[Date "2024.07.09"]
[Round "8"]
[White "vikber19611"]
[Black "kritipatel"]
[Result "1-0"]
[WhiteElo "1755"]
[BlackElo "2114"]
[TimeControl "180+1"]
[EndTime "9:29:51 PDT"]
[Termination "vikber19611 won by checkmate"]

1. e4 e5 2. Nf3 Nc6 3. Bb5 a6 4. Ba4 Nf6 5. O-O b5 6. Bb3 Bc5 7. c3 d6 8. d4 Bb6 9. Re1 O-O 10. h3 h6 11. d5 Ne7 12. Nbd2 Ng6 13. Nf1 Nh5 14.
a4 Rb8 15. axb5 axb5 16. Be3 Ngf4 17. Bxb6 Rxb6 18. Kh2 Qf6 19. g4 Nxh3 20. Kxh3 Nf4+ 21. Kg3 Qg5 22. Nxg5 hxg5 23. Ra8 b4 24. c4 Kh7 25.
Ne3 Kg6 26. Nf5 Rh8 27. Rh1 Re8 28. Rxc8 Rxc8 29. Ne7+ Kf6 30. Nxc8 Rb8 31. Na7 Ra8 32. Nc6 g6 33. Nxb4 Rb8 34. Nd3 Nxd3 35. Qxd3 Rf8 36. Ra1 Rc8 37. Qf3+ Kg7 38. Ra7 Kh6 39. Qc3 Kg7 40.
Qa5 c6 41. dxc6 d5 42. cxd5 Kh6 43. c7 Rf8 44. Ra8 f5 45. Rxf8 f4+ 46. Kf3 Kg7 47. Qa8 Kh6 48. Rh8+ Kg7 49. Qf8# 1-0

[Event "Early-Titled-Tuesday-Blitz-July-09-2024"]
[Site "Chess.com"]
[Date "2024.07.09"]
[Round "8"]
[White "Andrei_Skvortsov"]
[Black "djano"]
[Result "1-0"]
[WhiteElo "2805"]
[BlackElo "2611"]
[TimeControl "180+1"]
[EndTime "9:29:52 PDT"]
[Termination "Andrei_Skvortsov won by resignation"]

1. e4 e6 2. d4 d5 3. exd5 exd5 4. Bd3 Nc6 5. c3 Bd6 6. Qf3 Nf6 7. Bg5 Be6 8. Nd2 h6 9. Bxf6 gxf6 10. Ne2 Qd7 11. h3 O-O-O 12. Nf4 Rde8 13. O-O-O Bxf4 14. Qxf4 f5 15. Rhe1 Kb8 16. Nf3 Rhg8 17. g3 h5 18. Re2 Na5 19.
Rde1 Qa4 20. Kb1 a6 21. Bc2 Qb5 22. Nd2 Ka7 23. Nb3 Nc4 24. Kc1 a5 25. Bd3 Rc8 26. Nc5 a4 27. Bxc4 Qxc4 28. Nxe6 fxe6 29. a3 c5 30.
dxc5 Qxf4+ 31. gxf4 Rxc5 32. Rxe6 d4 33. R6e5 Rc6 34.
Kc2 Rg2 35. R1e2 dxc3 36. bxc3 Rh2 37. R5e3 h4 38. Rf3 Rh1 39. Re5 Ka6 40. Rxf5 Rb6 41. Rd5 Rhb1 42. Rd4 Ka5 43. f5 R1b2+ 44. Kd3 R2b3 45.
Rff4 Rxa3 46. f6 Rbb3 47. f7 Rxc3+ 48. Ke4 1-0

[Event "Early-Titled-Tuesday-Blitz-July-09-2024"]
[Site "Chess.com"]
[Date "2024.07.09"]
[Round "8"]
[White "Pachonpower"]
[Black "yonaltimur"]
[Result "0-1"]
[WhiteElo "2452"]
[BlackElo "2276"]
[TimeControl "180+1"]
[EndTime "9:29:53 PDT"]
[Termination "yonaltimur won by checkmate"]

1. d4 d5 2. Nf3 Nf6 3. e3 e6 4. Nbd2 Bd6 5. Bd3 O-O 6. O-O b6 7. Qe2 c5 8. c3 Bb7 9. b3 Nbd7 10. Bb2 Ne4 11. Rac1 Ndf6 12. c4 Rc8 13. Ne5 Qe7 14.
Nxe4 Nxe4 15. f3 Nf6 16. Bb1 Rfd8 17. Rfe1 dxc4 18. Nxc4 cxd4 19. Nxd6 Qxd6 20. Bxd4 e5 21. Bc3 Nd5 22. Bb2 g6 23. Be4 f5 24. Bb1 Nf6 25.
Red1 Rxc1 26. Rxc1 Bd5 27. Rd1 Qc7 28. Bd3 Kf7 29.
e4 fxe4 30. fxe4 Bxe4 31. Bxe4 Rxd1+ 32. Qxd1 Qc5+ 33. Kh1 Nxe4 34. Qf3+ Nf6 35. g4 h6 36.
h4 Ke6 37. g5 hxg5 38. hxg5 Qd5 39. Kg2 Qxf3+ 40. Kxf3 Nd7 41. Ke4 Nc5+ 42. Ke3 Kf5 43. b4 Ne6 44. a4 Nxg5 45. a5 bxa5 46. bxa5 a6 47. Ba3 Ne6 48. Bd6 g5 49. Kf3 g4+ 50. Ke3 Nd4 51. Bc7 Nc6 52. Kf2 Kf4 53. Kg2 g3 54.
Bd6 Nxa5 55. Bb4 Nc4 56. Be7 a5 57. Bh4 Ke4 58. Bxg3 Kd3 59. Be1 a4 60. Bb4 a3 61.
Bxa3 Nxa3 62. Kf3 Nc4 63. Kf2 Ke4 64. Ke1 Kf4 65. Ke2 e4 66. Kf2 e3+ 67. Ke2 Ke4 68. Kf1 Kf3 69. Ke1 Ne5 70. Kf1 e2+ 71. Ke1 Nd3+ 72.
Kd2 e1=Q+ 73. Kxd3 Qe3+ 74. Kc4 Ke2 75. Kd5 Kd2 76.
Kc6 Kd3 77. Kc7 Qd4 78. Kc6 Kc4 79. Kc7 Qd5 80. Kb6 Kb4 81. Kc7 Kb5 82. Kb8 Kb6 83. Kc8 Qf7 84. Kb8 Qb7# 0-1

[Event "Early-Titled-Tuesday-Blitz-July-09-2024"]
[Site "Chess.com"]
[Date "2024.07.09"]
[Round "8"]
[White "elis06"]
[Black "WPWPWP-2015"]
[Result "1-0"]
[WhiteElo "2415"]
[BlackElo "2509"]
[TimeControl "180+1"]
[EndTime "9:29:54 PDT"]
[Termination "elis06 won by checkmate"]

1. d4 d5 2. c4 c6 3. Nf3 Nf6 4. Nc3 e6 5. g3 Nbd7 6. Bg2 Bb4 7.
O-O O-O 8. Nd2 Re8 9. e4 Bxc3 10. bxc3 dxe4 11. Nxe4 Nxe4 12. Bxe4 e5 13. Bg2 e4 14.
Be3 Nb6 15. c5 Nc4 16. Qe2 Qd5 17. Rab1 b5 18. h3 h5 19. Kh2 Bf5 20. Rbd1 a5 21.
Qxh5 Bg6 22. Qxd5 cxd5 23. Rb1 Rab8 24. Bf4 Rb7 25. Be3 Re6 26. h4 a4 27. Bh3 f5 28. h5 Bh7 29. Kg2 g6 30. hxg6 Bxg6 31. Rh1 Na3 32. Rb2 Rh7 33. g4 f4 34. Bxf4 e3 35.
Kg3 e2 36. Be3 Nc4 37. Rxe2 Bd3 38. Ree1 Be4 39. Bg2 Rxh1 40. Bxh1 Bxh1 41. Rxh1 Nxe3 42. fxe3 Rxe3+ 43. Kf4 Re2 44. Rh5 Rxa2 45. c6 Rc2 46. Rxd5 Rxc3 47. Rc5 Rd3 48. c7 Rxd4+ 49. Ke5 Rxg4 50.
c8=Q+ Kh7 51. Qxg4 a3 52. Rc1 a2 53. Rh1# 1-0

[Event "Early-Titled-Tuesday-Blitz-July-09-2024"]
[Site "Chess.com"]
[Date "2024.07.09"]
[Round "8"]
[White "mishanick"]
[Black "dretch"]
[Result "1-0"]
[WhiteElo "3094"]
[BlackElo "2880"]
[TimeControl "180+1"]
[EndTime "9:29:55 PDT"]
[Termination "mishanick won on time"]

1. d4 d5 2. c4 c6 3. Nc3 dxc4 4. Nf3 Nf6 5. a4 Bf5 6. Ne5 Nbd7 7. Nxc4 Nb6 8. Ne5 a5 9. e3 g6 10. Bd3 Bxd3 11.
Nxd3 Bg7 12. O-O O-O 13. b3 Nfd7 14. Ba3 Re8 15. Ne4 Nf6 16. Nec5 Qc7 17. Rc1 Nbd7 18.
Qf3 Nxc5 19. Bxc5 Rad8 20. Rfd1 Nd5 21. e4 Nb6 22. Qe3 Nd7 23. Ba3 Qb6 24. Nc5 Nf8 25. g3 Rd6 26. Rc4 e5 27. d5 cxd5 28. exd5 Red8 29.
Ne4 Qxe3 30. fxe3 Rxd5 31. Rxd5 Rxd5 32. Rc8 Rd3 33. Be7 Rxe3 34. Nf6+ Bxf6 35. Bxf6 Rxb3 36. Be7 Kg7 37. Rxf8 Rb1+ 38. Kf2 Ra1 39. Rb8 Rxa4 40. Rxb7 Ra2+ 41. Kg1 a4 42. Rb6 e4 43. Bf6+ Kh6 44.
Rb4 g5 45. Rxe4 Kg6 46. Bd8 h5 47. Rb4 Ra1+ 48. Kg2 Ra2+ 49. Kf3 Rxh2 50. Rb6+ Kf5 51. Rb5+ Ke6 52. Bxg5 a3 53. Ra5 a2 54. Be3 f6 55.
Bf2 h4 56. gxh4 Rh3+ 57. Bg3 Rh1 58. Rxa2 Rb1 59. Ra6+ Kf5 60. Ra5+ Kg6 61. h5+ Kh7 62. Bf4 Rf1+ 63. Kg4 Rg1+ 64. Kf5 Rg7 65. Rc5 Re7 66. Rc7 Rxc7 67. Bxc7 Kh6 68. Kg4 f5+ 69. Kh4 1-0

[Event "Early-Titled-Tuesday-Blitz-July-09-2024"]
[Site "Chess.com"]
[Date "2024.07.09"]
[Round "8"]
[White "howitzer14"]
[Black "cmunda"]
[Result "1-0"]
[WhiteElo "3028"]
[BlackElo "2099"]
[TimeControl "180+1"]
[EndTime "9:29:55 PDT"]
[Termination "howitzer14 won by checkmate"]

1. c4 e6 2. Nc3 b6 3. e4 Bb4 4. Nge2 Bb7 5. a3 Bxc3 6. Nxc3 Ne7 7. b4 O-O 8. Bb2 f5 9. d3 Qe8 10. Be2 Qg6 11. O-O d6 12. f3 a6 13. Qe1 Nd7 14.
Qg3 f4 15. Qxg6 Nxg6 16. d4 e5 17. d5 a5 18. Kf2 axb4 19. axb4 c6 20. Rxa8 Rxa8 21.
dxc6 Bxc6 22. Rd1 Ngf8 23. Rxd6 Ba4 24. c5 bxc5 25. Bc4+ Kh8 26. b5 h6 27. Ke2 Ra5 28.
Kd2 Kh7 29. h4 Nf6 30. Ra6 Rxa6 31. bxa6 Bc6 32. Nd5 Ng6 33. Nxf6+ gxf6 34. a7 Ba8 35. Ba3 Nxh4 36. Bxc5 Nxg2 37. Bd5 Ne3 38. Bxa8 Nc4+ 39. Kc3 Nd2 40. Bd5 Nxf3 41. a8=Q Nd4 42. Qg8# 1-0

[Event "Early-Titled-Tuesday-Blitz-July-09-2024"]
[Site "Chess.com"]
[Date "2024.07.09"]
[Round "8"]
[White "Aslanov_Umid"]
[Black "Arysya"]
[Result "0-1"]
[WhiteElo "2646"]
[BlackElo "2892"]
[TimeControl "180+1"]
[EndTime "9:29:58 PDT"]
[Termination "Arysya won by resignation"]

1. e4 c5 2. Nf3 e6 3. d4 cxd4 4. Qxd4 a6 5. Be2 b5 6. O-O Nc6 7. Qe3 Nf6 8. h3 Qc7 9. Rd1 Nb4 10. Na3 Bc5 11. Qg5 Bxf2+ 12. Kf1 Qg3 13. e5 Nfd5 14. c3 Nc6 15. c4 bxc4 16. Nxc4 O-O 17. Nd6 Qxg5 18. Bxg5 Bg3 19. Bc4 Nb6 20. Bb3 a5 21. a4 Ba6+ 22. Kg1 Nxe5 23. Nxe5 Bxe5 24. Be7 Rfb8 25. Rac1 Bxb2 26. Rc7 Be5 27. Re1 Nc8 28. Rxe5 Nxe7 29. Rxa5 Rxb3 30. Rxd7 Nc6 31. Rc5 Rb1+ 32. Kh2 Nd4 33. Nxf7 Rb7 34. Rd8+ Rxd8 35. Nxd8 Rd7 36. Ra5 Bc8 37. Ra8 Rxd8 38. a5 Nc6 39. a6 Kf8 40. a7 Bb7 41. Rxd8+ Nxd8 42. Kg3 Nc6 43. Kf4 Nxa7 44. g4 Ke7 45. Ke5 Nc6+ 46. Kf4 e5+ 47. Kf5 Kf7 48. g5 Bc8+ 49. Ke4 Ke6 0-1

[Event "Early-Titled-Tuesday-Blitz-July-09-2024"]
[Site "Chess.com"]
[Date "2024.07.09"]
[Round "8"]
[White "FormerProdigy"]
[Black "Crazy_girl99"]
[Result "0-1"]
[WhiteElo "2950"]
[BlackElo "2652"]
[TimeControl "180+1"]
[EndTime "9:29:58 PDT"]
[Termination "Crazy_girl99 won on time"]

1. e4 e5 2. Nf3 Nc6 3. g3 g6 4.
d4 exd4 5. Nxd4 Bg7 6. c3 Nge7 7. Bg2 O-O 8. O-O d6 9. Re1 h6 10. Be3 Kh7 11. Nd2 Ne5 12. N2f3 a6 13. Qc2 c5 14.
Ne2 Nc4 15. Bc1 d5 16. Nf4 Re8 17. exd5 Bf5 18. Qd1 Qd7 19. h3 Qd6 20. g4 Bd7 21. Rb1 Nb6 22. Re3 c4 23. b3 Rac8 24. bxc4 Nxc4 25.
Rd3 b5 26. Nd4 Be5 27. Nfe2 Ng8 28. Nf3 Bg7 29. Bf4 Qe7 30. Ned4 Nf6 31. Qf1 Ne4 32.
Re1 Qa3 33. Ne6 fxe6 34. Rxe4 exd5 35. Rxe8 Rxe8 36. Rxd5 Bc6 37. Rd3 Qxa2 38. Ng5+ hxg5 39. Bxc6 Re2 40. Bxg5 Rb2 41. Rd1 Ne5 42. Be4 Qa4 43.
Qe1 Qc4 44. f4 Re2 45. Bxg6+ Nxg6 46. Qf1 Qc5+ 47. Kh1 Qc6+ 48. Kg1 Qe4 0-1

[Event "Early-Titled-Tuesday-Blitz-July-09-2024"]
[Site "Chess.com"]
[Date "2024.07.09"]
[Round "8"]
[White "SuanTiltado"]
[Black "JordanLoyd2020"]
[Result "0-1"]
[WhiteElo "2373"]
[BlackElo "2518"]
[TimeControl "180+1"]
[EndTime "9:29:59 PDT"]
[Termination "JordanLoyd2020 won by resignation"]

1. d4 d5 2. c4 e6 3. Nc3 a6 4. cxd5 exd5 5. Nf3 Nf6 6. Bg5 Be6 7.
e3 Nbd7 8. Bd3 Bd6 9. O-O O-O 10. Bf4 Qe7 11. h3 c6 12. Qc2 Rfe8 13. a3 a5 14. Rfb1 g6 15. Na4 Nh5 16. Bxd6 Qxd6 17. b4 axb4 18. axb4 Ng7 19. Nc5 b6 20. Nxd7 Bxd7 21.
Ne5 Ne6 22. Rc1 Rxa1 23. Rxa1 Rc8 24. Ra7 Be8 25. Ba6 Rd8 26. Qb2 c5 27. bxc5 bxc5 28. dxc5 Qxc5 29. Rb7 d4 30. exd4 Rxd4 31. Rb8 Qxe5 32.
Rxe8+ Kg7 33. Bf1 Qf6 34. Qb6 Rf4 35. g3 Rf3 36. Bg2 Rd3 37. Kh2 Rd2 38. Qe3 Rxf2 39. Ra8 Qb2 40. Qe4 Ng5 41. Qb7 Nf3+ 42. Qxf3 Rxf3 43.
Ra2 Qxa2 0-1

[Event "Early-Titled-Tuesday-Blitz-July-09-2024"]
[Site "Chess.com"]
[Date "2024.07.09"]
[Round "8"]
[White "C_K_G"]
[Black "Cmorales2001"]
[Result "0-1"]
[WhiteElo "2228"]
[BlackElo "2351"]
[TimeControl "180+1"]
[EndTime "9:29:59 PDT"]
[Termination "Cmorales2001 won on time"]

1. e4 e6 2. Nf3 d5 3. Nc3 Nf6 4. e5 Nfd7 5. d4 c5 6. Bg5 Qb6 7. dxc5 Bxc5 8. Qd2 Nc6 9. Na4 Qc7 10. Nxc5 Nxc5 11.
Bf4 Ne4 12. Qc1 O-O 13. Bd3 Nb4 14. O-O Bd7 15. Bxe4 dxe4 16. Ng5 Bc6 17. c3 Nd3 18. Qd2 Rad8 19. Qe3 Nxb2 20. Nxe4 Rd3 21. Qe2 Bxe4 22.
Qxe4 Rxc3 23. Bg5 Rc4 24. Qe3 Na4 25. Rfd1 Nc3 26. Re1 b5 27. Qg3 Ne4 28. Rxe4 Rxe4 29. Bf6 g6 30. Qg5 Qc3 31. Rf1 Re1 32. Qh6 Rxf1+ 33.
Kxf1 Qd3+ 34. Ke1 Qc3+ 35. Ke2 Qc2+ 36. Ke3 Qc1+ 0-1

[Event "Early-Titled-Tuesday-Blitz-July-09-2024"]
[Site "Chess.com"]
[Date "2024.07.09"]
[Round "8"]
[White "Aggressus"]
[Black "NikFil2013"]
[Result "1-0"]
[WhiteElo "2572"]
[BlackElo "2394"]
[TimeControl "180+1"]
[EndTime "9:30:00 PDT"]
[Termination "Aggressus won by resignation"]

1. e4 c5 2. Nf3 d6 3. d4 cxd4 4. Qxd4 Nc6 5. Bb5 Bd7 6. Bxc6 Bxc6 7. Nc3 Nf6 8. Bg5 e6 9. O-O-O Be7 10. Kb1 O-O 11. Qd3 a6 12. Nd4 Rc8 13. h4 b5 14.
f3 Qb6 15. g4 b4 16. Nce2 a5 17. Bxf6 Bxf6 18. g5 Be7 19. Nxc6 Qxc6 20. Nd4 Qc5 21. f4 a4 22. h5 a3 23. b3 Qc3 24. Qxc3 Rxc3 25.
Rd3 Rfc8 26. Rhd1 Rxd3 27. cxd3 Rc3 28. Nb5 Rc5 29. Nd4 Rc3 30. Ne2 Rc5 31. Rc1 Kf8 32.
d4 Rxc1+ 33. Nxc1 d5 34. e5 Ke8 35. Nd3 Kd7 36. Kc2 Kc6 37. Kd2 g6 38. Ke2 Kd7 39. Kf3 Kc7 40. hxg6 hxg6 41. Nf2 Kd7 42. Ng4 Kd8 43. Nh6 Ke8 44. Ng8 Kf8 45. Nh6 Ke8 46. Ng4 Kd7 47. Ne3 Kc6 48. Kg3 Kd7 49. Kg4 Kc6 50.
Kh4 Kd7 51. f5 gxf5 52. Ng2 Ke8 53. Kh5 Kf8 54. Kh6 Kg8 55. Nf4 Kh8 56. g6 fxg6 57. Kxg6 Kg8 58. Nxe6 f4 59. Nxf4 Kf8 1-0

[Event "Early-Titled-Tuesday-Blitz-July-09-2024"]
[Site "Chess.com"]
[Date "2024.07.09"]
[Round "8"]
[White "artin10862"]
[Black "mwpchess"]
[Result "1-0"]
[WhiteElo "2947"]
[BlackElo "2757"]
[TimeControl "180+1"]
[EndTime "9:30:02 PDT"]
[Termination "artin10862 won by checkmate"]

1. e4 c6 2. d4 d5 3. f3 Qb6 4.
Nc3 dxe4 5. fxe4 e5 6. Nf3 exd4 7. Nxd4 Nf6 8. e5 Ng4 9. Bc4 Nxe5 10. Bb3 Bg4 11. Qd2 Nbd7 12. h3 Bh5 13. Qf2 Nc5 14. Be3 Nxb3 15. axb3 Qc7 16. O-O Bc5 17. Ne6 fxe6 18.
Bxc5 b6 19. Bxb6 Qb7 20. Bd4 Nd7 21. Ne4 Qc7 22. Bxg7 Rg8 23. Bc3 Qd8 24. Nd6+ Ke7 25.
Bf6+ Nxf6 26. Qxf6+ Kd7 27. Qe5 Qb6+ 28. Kh1 Raf8 29.
Nc4 Qc7 30. Qxh5 Rxf1+ 31. Rxf1 Rg7 32. Rf7+ Rxf7 33. Qxf7+ Kc8 34. Qxc7+ Kxc7 35. Kg1 a5 36. Kf2 a4 37. bxa4 Kb7 38. b3 h5 39. Ke3 Kc7 40. Ke4 Kd7 41. Ke5 Ke7 42. a5 Kd7 43. a6 Kc7 44.
Kxe6 Kb8 45. Kd6 h4 46. Kxc6 Ka8 47. Kb5 Kb8 48. Kb6 Ka8 49. Nd6 Kb8 50. b4 Ka8 51.
Nb5 Kb8 52. Na7 Ka8 53. c4 Kb8 54. c5 Ka8 55. c6 Kb8 56. c7+ Ka8 57. c8=Q# 1-0

[Event "Early-Titled-Tuesday-Blitz-July-09-2024"]
[Site "Chess.com"]
[Date "2024.07.09"]
[Round "8"]
[White "esrosenberg"]
[Black "MdChess1734"]
[Result "1-0"]
[WhiteElo "2327"]
[BlackElo "2413"]
[TimeControl "180+1"]
[EndTime "9:30:02 PDT"]
[Termination "esrosenberg won by resignation"]

1. e4 c6 2. Nf3 d5 3. d3 dxe4 4. dxe4 Qxd1+ 5. Kxd1 Nf6 6. Nbd2 Nbd7 7. Bd3 g6 8. c3 Bg7 9. Kc2 Nc5 10. b4 Nxd3 11.
Kxd3 Ng4 12. Rf1 b6 13. Rb1 Ba6+ 14. c4 Rd8+ 15. Ke2 Bc3 16. h3 Bxd2 17. Nxd2 Ne5 18.
b5 cxb5 19. cxb5 Bb7 20. Bb2 f6 21. Bxe5 fxe5 22. f3 Kf7 23. Rfd1 Ke6 24. Nc4 Rc8 25. Ne3 Rc5 26. a4 Rhc8 27. Rd2 Rc3 28. Rbd1 Ra3 29. Rd7 Rcc3 30. Rxb7 Rxe3+ 31. Kf2 Reb3 32. Rxa7 Rb2+ 33. Kg3 Raa2 34. Rg1 Rxb5 35. Rxe7+ Kxe7 36. axb5 Rb2 37. Ra1 Rxb5 38. Ra7+ Kf6 39. Rxh7 Rb2 40. Rb7 b5 41. h4 b4 42. Kh3 b3 43. g3 Rb1 44. Kg4 b2 45. Rb6+ Ke7 46. Kg5 Kf7 47. g4 Ke7 48.
Kxg6 Kd7 49. h5 Kc7 50. Rb3 Kc6 51. h6 Kc5 52. h7 Kc4 53. Rb8 Rh1 54. Rxb2 1-0

[Event "Early-Titled-Tuesday-Blitz-July-09-2024"]
[Site "Chess.com"]
[Date "2024.07.09"]
[Round "8"]
[White "Austen48"]
[Black "SuperGPatzer"]
[Result "1-0"]
[WhiteElo "2276"]
[BlackElo "2135"]
[TimeControl "180+1"]
[EndTime "9:30:04 PDT"]
[Termination "Austen48 won by resignation"]

1. d4 c5 2. d5 h6 3. e4 d6 4. c4 g5 5. h4 g4 6. Ne2 Bg7 7. Ng3 h5 8. Be2 Be5 9. Nf5 Nf6 10. f4 gxf3 11. Bxf3 Bxf5 12. exf5 Bg3+ 13. Kf1 Qd7 14. Qd3 Na6 15. a3 O-O-O 16. Nc3 Rdg8 17. Bd2 Nc7 18. Nb5 Nxb5 19. cxb5 Be5 20. Rb1 Ng4 21.
Ke1 Bg3+ 22. Ke2 Nf2 23. Qc2 Nxh1 24. Rxh1 e6 25. fxe6 fxe6 26. dxe6 Qxe6+ 27. Kd1 Re8 28. Qd3 Qa2 29. Kc2 c4 30. Qd5 Qb3+ 31. Kb1 Qd3+ 32. Qxd3 cxd3 33. Rc1+ Kb8 34. Rc3 Be1 35. Rxd3 Bxd2 36.
Rxd2 Kc7 37. Rd5 Re5 38. Rxe5 dxe5 39. Kc2 b6 40. Kd3 Kd6 41. Ke4 Kc5 42. a4 Rd8 43.
Kxe5 Rd2 44. b3 Rd3 45. Kf4 Rxb3 46. Bxh5 Rb4+ 47. Kg5 Rxa4 48. g4 Kxb5 49. Be8+ Kb4 50. Bxa4 Kxa4 51. h5 b5 52. h6 b4 53. h7 b3 54. h8=Q b2 55. Qe8+ Ka3 56. Qe7+ Ka2 57. Qxa7+ Kb1 58. Kf6 Kc2 59. Qc7+ Kd2 60. Qd6+ Kc2 61.
Qc5+ Kd2 62. Qd4+ Kc2 63. Qc4+ 1-0

[Event "Early-Titled-Tuesday-Blitz-July-09-2024"]
[Site "Chess.com"]
[Date "2024.07.09"]
[Round "8"]
[White "Arteler"]
[Black "ansko1999"]
[Result "0-1"]
[WhiteElo "2300"]
[BlackElo "2633"]
[TimeControl "180+1"]
[EndTime "9:30:06 PDT"]
[Termination "ansko1999 won by resignation"]

1. e4 c5 2. Nf3 Nf6 3. e5 Nd5 4. c3 Nc6 5. d4 cxd4 6. Bc4 Nb6 7. Bb3 d6 8. exd6 Qxd6 9. O-O Be6 10. Bxe6 Qxe6 11. Nxd4 Qd7 12. Nxc6 Qxc6 13. a4 Rd8 14. Qb3 e6 15. Be3 Bc5 16. Bxc5 Qxc5 17. a5 Qc4 18. Qc2 Nd5 19. Nd2 Qc6 20. Nf3 O-O 21. Nd4 Qc7 22.
a6 Nf4 23. Qe4 e5 24. Nf3 bxa6 25. Nxe5 Rfe8 26. Qxf4 Qxe5 27. Qxe5 Rxe5 28. Rxa6 Rd7 29. Rfa1 g6 30. g3 Re2 31. Rxa7 Rdd2 32. Rf1 Rxb2 33.
Raa1 Rbc2 34. Ra8+ Kg7 35. Rc8 h5 36. h4 Red2 37. Kg2 Rd3 38. c4 Rdc3 39. Rd1 Rxc4 40. Rxc4 Rxc4 41. Rd6 Rc5 42. Kf3 Rf5+ 43. Ke3 Re5+ 44.
Kf4 Rf5+ 45. Ke3 Re5+ 46. Kd3 Re7 47. f3 Re5 48. Rd4 Re1 49. g4 g5 50. gxh5 Rd1+ 51. Ke4 Rxd4+ 52. Kxd4 gxh4 53. Ke3 Kh6 54. Kf2 Kxh5 55.
Kg2 Kg5 56. Kh3 f5 0-1

[Event "Early-Titled-Tuesday-Blitz-July-09-2024"]
[Site "Chess.com"]
[Date "2024.07.09"]
[Round "8"]
[White "nrvisakh"]
[Black "Andrey_Klymchuk"]
[Result "1-0"]
[WhiteElo "2934"]
[BlackElo "2763"]
[TimeControl "180+1"]
[EndTime "9:30:08 PDT"]
[Termination "nrvisakh won by resignation"]

1. d4 Nf6 2. Bg5 c5 3. d5 Qb6 4.
Nc3 d6 5. e4 g6 6. Bb5+ Bd7 7.
a4 Bg7 8. Nge2 O-O 9. a5 Qc7 10. Bxd7 Nbxd7 11. O-O a6 12. Qc1 Rfe8 13. Bh6 Bh8 14.
Re1 c4 15. Ra4 b5 16. axb6 Nxb6 17. Ra2 Reb8 18. Be3 Ng4 19. Bd4 Nf6 20. Qd2 Nbd7 21. Rea1 Bg7 22. f3 h5 23. Ng3 Kh7 24. Nf1 Bh6 25. Be3 Bg7 26. Bd4 Bh6 27. Qe2 Rb7 28. Nd1 h4 29. Ra4 Rc8 30. Rxa6 h3 31. Rc6 Qb8 32. Qxc4 Rbc7 33. g3 e6 34. c3 Ne5 35.
Bxe5 dxe5 36. Raa6 exd5 37. exd5 e4 38. fxe4 Ng4 39. Qe2 Rxc6 40. Rxc6 Rxc6 41. dxc6 Qb6+ 42. Nf2 Ne5 43. c7 Qxc7 44. Nxh3 Qc5+ 45. Nf2 Qa7 46. Kg2 Qb7 47. h4 Qc6 48. Ne3 f5 49. Nd5 Qb7 50. b4 Qa8 51. h5 gxh5 52. Qxh5 fxe4 53. Qf5+ Kg7 54. Qxe5+ 1-0